 Dungeon Crawl Stone Soup version 0.20-a0-858-g654850e (webtiles) character file.

191608 Laan the Devastator (level 18, -6/85 HPs)
             Began as a Deep Elf Fire Elementalist on Mar 12, 2017.
             Was a High Priest of Vehumet.
             Mangled by Agnes
             ... wielding a +0 lajatang
              (21 damage)
             ... on level 3 of the Snake Pit.
             The game lasted 01:33:15 (28402 turns).

Laan the Devastator (Deep Elf Fire Elementalist)   Turns: 28402, Time: 01:33:16

Health: -6/85      AC:  7    Str:  9    XL:     18   Next: 1%
Magic:  42/53      EV: 12    Int: 40    God:    Vehumet [*****.]
Gold:   2146       SH:  5    Dex: 15    Spells: 14/57 levels left

rFire    + . .     SeeInvis .   i - +10 morningstar "Baobluos" {speed, Int+5}
rCold    + . .     Gourm    .   O - +0 leather armour of Xaahelor {rC+ Str+4 Int+6}
rNeg     . . .     Faith    .   k - +0 buckler
rPois    .         Spirit   .   B - +0 helmet
rElec    .         Reflect  .   j - scarf {rC+}
rCorr    .         Harm     .   C - +1 pair of gloves
MR       +....                  h - +0 pair of boots
Stlth    ++........             H - amulet of regeneration
Regen    0.7/turn               N - ring of magical power
MPRegen  0.4/turn               s - ring of fire

@: no status effects
A: no striking features
a: Renounce Religion


You were on level 3 of the Snake Pit.
You worshipped Vehumet.
Vehumet was extremely pleased with you.
You were not hungry.

You visited 3 branches of the dungeon, and saw 24 of its levels.
You also visited: Labyrinth.

You collected 2269 gold pieces.
You spent 123 gold pieces at shops.

Inventory:

Hand Weapons
 i - the +10 morningstar "Baobluos" (weapon) {speed, Int+5}
   (You took it off a frost giant on level 15 of the Dungeon)

   Attacks with this weapon are significantly faster.
   It affects your intelligence (+5).
Armour
 h - a +0 pair of boots (worn)
 j - a scarf of cold resistance (worn)
 k - a +0 buckler (worn)
 B - a +0 helmet (worn)
 C - a +1 pair of gloves (worn)
 O - the +0 leather armour of Xaahelor (worn) {rC+ Str+4 Int+6}
   (You took it off an orc on level 8 of the Dungeon)

   It affects your strength (+4).
   It affects your intelligence (+6).
   It protects you from cold.
Jewellery
 g - an uncursed ring of protection from fire
 s - a ring of fire (left hand)
 D - an uncursed ring of resist corrosion
 H - an amulet of regeneration (around neck)
 J - an uncursed ring of see invisible
 N - a ring of magical power (right hand)
 X - an uncursed ring of protection from cold
Wands
 a - a wand of clouds (1/9)
 b - a wand of acid (6/15)
 w - a wand of digging (14/24)
 Q - a wand of clouds (6/9)
 R - a wand of acid (2/15)
Scrolls
 l - 8 scrolls of teleportation
 m - 5 scrolls of enchant armour
 n - 11 scrolls of remove curse
 r - 5 scrolls of recharging
 x - 6 scrolls of amnesia
 y - 2 scrolls of magic mapping
 F - 4 scrolls of enchant weapon
Potions
 d - a potion of resistance
 e - 2 potions of flight
 f - 2 potions of heal wounds
 p - 2 potions of magic
 t - a potion of mutation
 u - 5 potions of cancellation
 v - 9 potions of curing
 z - 4 potions of agility
 A - 5 potions of haste
 M - a potion of brilliance {unknown}
 S - 4 potions of berserk rage {unknown}
Miscellaneous
 T - a phantom mirror
Comestibles
 c - 18 bread rations
 o - 14 meat rations
 q - 4 fruits
 G - 11 royal jellies


   Skills:
 - Level 2.4 Dodging
 - Level 2.4 Stealth
 - Level 4.1 Shields
 + Level 20.1 Spellcasting
 * Level 20.6 Conjurations
 + Level 17.3 Fire Magic


You had 14 spell levels left.
You knew the following spells:

 Your Spells              Type           Power        Failure   Level  Hunger
a - Flame Tongue          Conj/Fire      #####        0%          1    None
b - Bolt of Fire          Conj/Fire      ########..   1%          6    None
c - Sticky Flame          Conj/Fire      ########     0%          4    None
d - Searing Ray           Conj           ######       0%          2    None
e - Fireball              Conj/Fire      ########..   0%          5    None
f - Conjure Flame         Conj/Fire      ########     0%          3    None
g - Freezing Cloud        Conj/Ice/Air   #######...   3%          6    None
h - Orb of Destruction    Conj           ########..   1%          7    None
i - Iron Shot             Conj/Erth      #######...   1%          6    None
j - Regeneration          Chrm/Necr      #####.....   2%          3    None


Dungeon Overview and Level Annotations

Branches:
Dungeon (15/15)            Temple (0/1) D:5            Lair (6/6) D:8
 Shoals (0/4) Lair:3        Snake (3/4) Lair:3        Slime (0/5) Lair:6
    Orc (0/2) D:12         Vaults (0/5) D:13         Depths (0/5) D:15

Altars:
Ashenzari
Cheibriados
Elyvilon
Fedhas
Gozag
Kikubaaqudgha
Nemelex Xobeh
Qazlal
Sif Muna
Trog
Uskayaw
Vehumet
Wu Jian
Xom
Yredelemnul
The Shining One

Shops:
D:12 (   D:14 *   Snake:2 =}==

Annotations:
Snake:3 Agnes


Message History

Aiming: Bolt of Fire
Press: ? - help, Shift-Dir - straight line, f - naga
Aim: a naga, wielding a mace (hasn't noticed you)
You feel a surge of power!
The bolt of fire hits Agnes.
Agnes is severely wounded.
The bolt of fire hits the naga.
You kill the naga!
Vehumet accepts your kill.
You feel your power returning. Agnes hits you with a lajatang!!!
You hear an angry hiss.
Casting: Bolt of Fire
Confirm with . or Enter, or press ? or * to list all spells.
Aiming: Bolt of Fire
Press: ? - help, Shift-Dir - straight line, f - Agnes
Aim: Agnes, wielding a lajatang and wearing an embroidered robe (severely wounded)
You feel a surge of power!
The bolt of fire misses Agnes.
Agnes hits you with a lajatang!!
* * * LOW HITPOINT WARNING * * *
Agnes hits you with a lajatang!!
You die...

.. .# #..# #..#.## )..#
#.#..# ...# #...### ...#
#....## ...## #....##
#...## ##.....## #i#..##
##.....#(##
######@...###...##....#
............#.#.####...#
#####..#...!...## #...#
##..##...### #..)# #.#
##....# #...# #. ##.^/#
#...# .. #...# #...# ...
#...# #..## ## #.).#
#...#


You could see Agnes.

Vanquished Creatures
  Rupert (D:13)
  A sphinx (D:15)
  Kirke (D:14)
  3 nagarajas
  2 frost giants (D:15)
  Aizul (Snake:3)
  A vampire knight (D:15)
  A dire elephant (Lair:6)
  An ettin (D:15)
  2 great orbs of eyes (D:15)
  A minotaur (Lab)
  An ogre mage (D:15)
  A yaktaur captain (D:15)
  5 naga warriors
  A deep elf high priest (D:15)
  Erolcha (D:11)
  4 hydras
  A merfolk avatar (Lair:6)
  An ice dragon (D:13)
  10 anacondas
  4 centaur warriors
  A catoblepas (D:15)
  2 two-headed ogres (D:11)
  A death knight (D:15)
  A naga sharpshooter (Snake:2)
  A soul eater (Snake:3)
  5 shock serpents
  A deep elf knight (D:15)
  A shadow wraith (D:15)
  A salamander mystic (Snake:2)
  5 skeletal warriors (D:15)
  4 unseen horrors
  A flayed ghost (D:15)
  A sea snake (Lair:6)
  2 deep elf archers (D:15)
  A harpy (shapeshifter) (D:15)
  7 mana vipers
  3 naga ritualists
  6 manticores
  A wolf spider zombie (D:13)
  22 ugly things
  8 cyclopes
  6 deep elf magi (D:15)
  4 salamanders
  4 centaur zombies (D:15)
  14 elephants
  2 guardian serpents (Snake:2)
  Maurice (D:9)
  A torpor snail (Lair:5)
  Psyche (D:10)
  10 naga magi
  24 black mambas
  An eye of devastation (shapeshifter) (D:13)
  2 gargoyles
  14 spiny frogs
  4 efreet
  4 rime drakes
  10 komodo dragons
  A harpy zombie (D:15)
  8 blink frogs
  2 wind drakes (Lair:6)
  6 polar bears (Lair:6)
  6 hornets
  3 meliai (D:14)
  3 trolls
  8 hippogriffs
  15 slime creatures
  6 shadows
  2 vampires (D:14)
  Sigmund (D:6)
  7 wyverns
  A wraith (D:15)
  4 hogs (D:14)
  2 basilisks (Lair:5)
  51 yaks
  A human (shapeshifter) (D:15)
  9 vampire mosquitoes
  7 hungry ghosts
  A neqoxec (Snake:3)
  2 acid dragons (D:15)
  18 nagas
  11 porcupines
  17 water moccasins
  3 sky beasts
  A hornet zombie (D:15)
  An eye of draining (shapeshifter) (D:13)
  9 orc warriors
  6 black bears
  4 necrophages (Lair:2)
  3 ice beasts
  A boggart (D:15)
  2 eyes of draining
  An ogre (shapeshifter) (D:13)
  4 ogres
  5 centaurs
  13 crocodiles
  29 bullfrogs
  A hornet simulacrum (D:15)
  5 scorpions
  6 killer bees (D:9)
  9 howler monkeys
  5 wights (D:12)
  9 crimson imps
  4 hounds
  5 jellies
  6 centaur skeletons
  5 orc priests
  Natasha (D:4)
  5 orc wizards
  7 iguanas
  15 worker ants
  A hound skeleton (D:5)
  10 adders
  4 gnolls (D:8)
  2 howler monkey skeletons (D:6)
  A shadow imp (D:13)
  12 white imps (Lair:5)
  2 oozes
  3 adder skeletons
  An adder zombie (D:6)
  2 worms (D:2)
  A dart slug (D:3)
  7 leopard geckos
  43 orcs
  A ball python (D:2)
  10 bats
  2 giant cockroaches
  5 goblins
  7 hobgoblins
  14 jackals
  8 quokkas
  2 frilled lizards (D:4)
  2 jackal skeletons
  6 kobolds
  5 rats
  3 fungi
  5 plants
737 creatures vanquished.

Vanquished Creatures (others)
  3 humans (D:14)
  22 fungi
  17 plants (Lair:6)
42 creatures vanquished.

Grand Total: 779 creatures vanquished

Notes
Turn   | Place    | Note
-------+----------+-------------------------------------------
     0 | D:1      | Laan the Deep Elf Fire Elementalist began the quest for the Orb.
     0 | D:1      | Reached XP level 1. HP: 10/10 MP: 6/6
   168 | D:1      | Reached XP level 2. HP: 15/15 MP: 2/8
  1009 | D:2      | Reached XP level 3. HP: 19/19 MP: 5/10
  1237 | D:2      | Learned a level 3 spell: Conjure Flame
  1339 | D:2      | Found a faded altar of an unknown god.
  1611 | D:2      | Found a deep blue altar of Sif Muna.
  2112 | D:3      | Found a radiant altar of Vehumet.
  2221 | D:3      | Found a shimmering altar of Xom.
  2252 | D:3      | Reached XP level 4. HP: 21/24 MP: 8/12
  2258 | D:3      | Learned a level 4 spell: Sticky Flame
  2483 | D:3      | Found a snail-covered altar of Cheibriados.
  2661 | D:3      | Became a worshipper of Vehumet
  3124 | D:4      | Noticed Natasha
  3135 | D:4      | Reached skill level 5 in Spellcasting
  3135 | D:4      | Reached XP level 5. HP: 14/28 MP: 6/14
  3311 | D:4      | Killed Natasha
  3407 | D:4      | Found a stormy altar of Qazlal.
  3409 | D:4      | Noticed an air elemental
  3410 | D:4      | Noticed a water elemental
  3410 | D:4      | Noticed a fire elemental
  3463 | D:4      | Found a white marble altar of Elyvilon.
  3620 | D:5      | Entered Level 5 of the Dungeon
  3638 | D:5      | Found a staircase to the Ecumenical Temple.
  3783 | D:5      | Found a hide-covered altar of Uskayaw.
  3844 | D:5      | Reached skill level 5 in Fire Magic
  3844 | D:5      | Reached XP level 6. HP: 25/32 MP: 4/16
  4156 | D:6      | Noticed a sky beast
  4174 | D:6      | Killed a sky beast
  4174 | D:6      | Reached XP level 7. HP: 16/36 MP: 4/18
  4327 | D:6      | Noticed Sigmund
  4334 | D:6      | Killed Sigmund
  4452 | D:6      | Reached skill level 5 in Conjurations
  4561 | D:6      | Reached * piety under Vehumet
  4561 | D:6      | Offered knowledge of Sandblast by Vehumet.
  4608 | D:6      | Noticed a yak
  4609 | D:6      | Noticed a yak
  4610 | D:6      | Noticed a yak
  4610 | D:6      | Noticed a yak
  4618 | D:6      | Killed a yak
  4618 | D:6      | Reached XP level 8. HP: 41/41 MP: 10/21
  5093 | D:6      | Found an ancient bone altar of Kikubaaqudgha.
  5599 | D:7      | Found a glowing golden altar of the Shining One.
  5632 | D:7      | Reached XP level 9. HP: 45/45 MP: 20/24
  5653 | D:7      | Found an opulent altar of Gozag.
  5653 | D:7      | Found a faded altar of an unknown god.
  5660 | D:7      | Found an ornate altar of the Wu Jian Council.
  5665 | D:7      | Found a sparkling altar of Nemelex Xobeh.
  5669 | D:7      | Found a blossoming altar of Fedhas.
  5898 | D:7      | Reached skill level 10 in Spellcasting
  6101 | D:8      | Reached ** piety under Vehumet
  6101 | D:8      | Offered knowledge of Searing Ray by Vehumet.
  6105 | D:8      | Learned a level 2 spell: Searing Ray
  6402 | D:8      | Found a staircase to the Lair.
  7159 | D:9      | Reached XP level 10. HP: 50/50 MP: 20/27
  7166 | D:9      | Learned a level 5 spell: Fireball
  7187 | D:9      | Noticed Maurice
  7202 | D:9      | Killed Maurice
  7268 | D:9      | Reached skill level 10 in Fire Magic
  7372 | D:9      | Offered knowledge of Ignite Poison by Vehumet.
  7399 | D:9      | Found a bloodstained altar of Trog.
  7587 | D:9      | Found a shattered altar of Ashenzari.
  7646 | D:9      | Reached skill level 10 in Conjurations
  7913 | D:9      | Found a basalt altar of Yredelemnul.
  7961 | D:9      | Reached *** piety under Vehumet
  8319 | Lair:1   | Entered Level 1 of the Lair of Beasts
  8319 | Lair:1   | Noticed a spiny frog
  8330 | Lair:1   | Killed a spiny frog
  8689 | Lair:1   | Noticed a black mamba
  8702 | Lair:1   | Killed a black mamba
  9116 | Lair:2   | Noticed a spiny frog
  9126 | Lair:2   | Killed a spiny frog
  9170 | Lair:2   | Reached XP level 11. HP: 37/54 MP: 24/29
  9484 | Lair:2   | Offered knowledge of Throw Icicle by Vehumet.
 10141 | Lair:3   | Found a staircase to the Snake Pit.
 10384 | Lair:3   | Found a staircase to the Shoals.
 10852 | Lair:4   | Found a labyrinth entrance.
 10910 | Lab      | Entered a labyrinth
 11302 | Lab      | Noticed a minotaur
 11306 | Lab      | Killed a minotaur
 11315 | Lab      | Identified Ichupt Loen's Reference Book on Icy Transmutation
 11316 | Lab      | Got a brightly glowing copper amulet
 11325 | Lab      | Identified the amulet "Ynotuhuwi" {Inacc rC+ Int+7} (You found it in a labyrinth)
 11497 | Lair:4   | Reached **** piety under Vehumet
 11616 | Lair:4   | Offered knowledge of Airstrike by Vehumet.
 11689 | Lair:4   | Reached XP level 12. HP: 59/59 MP: 31/32
 12580 | Lair:5   | Found a frozen archway.
 12752 | Lair:5   | Reached ***** piety under Vehumet
 12752 | Lair:5   | Offered knowledge of Bolt of Fire by Vehumet.
 12760 | Lair:5   | Learned a level 6 spell: Bolt of Fire
 13093 | Lair:5   | Reached skill level 15 in Spellcasting
 13762 | Lair:6   | Entered Level 6 of the Lair of Beasts
 13762 | Lair:6   | Noticed an eight-headed hydra
 13803 | Lair:6   | Learned a level 2 spell: Throw Flame
 14406 | Lair:6   | Reached XP level 13. HP: 45/63 MP: 16/34
 15255 | Lair:6   | Found a staircase to the Slime Pits.
 15323 | Lair:6   | Reached skill level 15 in Conjurations
 15527 | Lair:6   | Offered knowledge of Iron Shot by Vehumet.
 15823 | Lair:6   | Noticed a dire elephant
 16069 | Lair:6   | Killed a dire elephant
 16765 | D:8      | Got a black opal-encrusted leather armour
 16776 | D:8      | Identified the cursed +0 leather armour of Xaahelor {rC+ Str+4 Int+6} (You took it off an orc on level 8 of the Dungeon)
 16820 | D:10     | Entered Level 10 of the Dungeon
 17376 | D:10     | Noticed Psyche
 17378 | D:10     | Killed Psyche
 17512 | D:10     | Reached skill level 1 in Shields
 17948 | D:11     | Noticed Erolcha
 17950 | D:11     | Killed Erolcha
 18393 | D:11     | Reached XP level 14. HP: 68/68 MP: 28/36
 18746 | D:12     | Identified a scroll of acquirement
 19196 | D:12     | Reached XP level 15. HP: 72/72 MP: 38/38
 19197 | D:12     | Reached skill level 15 in Fire Magic
 19197 | D:12     | Reached XP level 16. HP: 76/76 MP: 39/39
 19223 | D:12     | Found Lyname's Weapon Shoppe.
 19225 | D:12     | Found a staircase to the Orcish Mines.
 19228 | D:12     | Found Romn's Armour Shoppe.
 19822 | D:13     | Got a scorched morningstar
 19823 | D:13     | Identified the +10 morningstar "Cirol" {freeze, rF- Int+7 Dex+4} (You found it on level 13 of the Dungeon)
 19894 | D:13     | Noticed Rupert
 19897 | D:13     | Killed Rupert
 20423 | D:13     | Found a gate to the Vaults.
 20540 | D:13     | You fall through a shaft!
 20540 | D:14     | Noticed Kirke
 20548 | D:14     | Killed Kirke
 20732 | D:14     | Offered knowledge of Poison Arrow by Vehumet.
 20840 | D:14     | Found an opulent altar of Gozag.
 20841 | D:14     | Found Gozag's Platinum Reserve.
 21057 | D:14     | Got a bloodstained dagger {holy}
 21058 | D:14     | Identified the +8 dagger of Wiadiel {holy, rN+ Str+4 Dex-2} (You took it off an orc priest on level 14 of the Dungeon)
 21898 | D:15     | Entered Level 15 of the Dungeon
 22655 | D:15     | Found a glowing golden altar of the Shining One.
 22655 | D:15     | Found a shattered altar of Ashenzari.
 22709 | D:15     | Found an ornate altar of the Wu Jian Council.
 22799 | D:15     | Learned a level 6 spell: Freezing Cloud
 23135 | D:15     | Offered knowledge of Orb of Destruction by Vehumet.
 23145 | D:15     | Learned a level 7 spell: Orb of Destruction
 23734 | D:15     | Got a jewelled morningstar {speed}
 23739 | D:15     | Noticed a sphinx
 23743 | D:15     | Killed a sphinx
 23743 | D:15     | Reached XP level 17. HP: 73/80 MP: 21/41
 23867 | D:15     | Identified the +10 morningstar "Baobluos" {speed, Int+5} (You took it off a frost giant on level 15 of the Dungeon)
 25162 | D:15     | Offered knowledge of Spellforged Servitor by Vehumet.
 25192 | D:15     | Found a staircase to the Depths.
 25538 | Snake:1  | Entered Level 1 of the Snake Pit
 26492 | Snake:2  | Offered knowledge of Conjure Ball Lightning by Vehumet.
 26796 | Snake:2  | Identified the Tome of Attacks
 26805 | Snake:2  | Learned a level 6 spell: Iron Shot
 27622 | Snake:2  | Found Nueschul's Jewellery Emporium.
 27904 | Snake:2  | Found Loususae's Gadget Emporium.
 27904 | Snake:2  | Found Plog's Jewellery Boutique.
 27905 | Snake:2  | Found Kahyza Zimi's Jewellery Boutique.
 27914 | Snake:2  | Bought a cursed -3 ring of dexterity for 38 gold pieces
 27914 | Snake:2  | Bought a cursed ring of teleportation for 85 gold pieces
 28196 | Snake:3  | Noticed Aizul
 28203 | Snake:3  | Killed Aizul
 28203 | Snake:3  | Reached XP level 18. HP: 54/85 MP: 29/44
 28294 | Snake:3  | Learned a level 3 spell: Regeneration
 28397 | Snake:3  | Noticed Agnes
 28402 | Snake:3  | Mangled by Agnes

Vault maps used:
D:1:      lemuel_arrival_hallway
D:2:      marbit_many_paths, chequers_ecumenical_altar_simple
D:3:      nicolae_overflow_crystal_walls, lemuel_crystal_altar,
          vehumet_crystals, first_bread, uniq_crazy_yiuf_cottage
D:4:      nicolae_qazlal_style_of_elements, overflow_temple_1_default,
          uniq_natasha
D:5:      kennysheep_mini, minmay_temple_entry_glassed_door, st_stairs_11,
          bh_chokoban, grunt_ministairs_1
D:6:      overflow_temple_1_default, eino_small_chamber_without_monster,
          uniq_sigmund
D:7:      tso_metal_star, chequers_temple_overflow_minitemple
D:8:      due_lair_maze_entry_diamond, grunt_ogre_cave
D:9:      nicolae_ashenzari_panopticon, lemuel_crystal_altar,
          trog_ov_bears_minmay, uniq_maurice
D:10:     uniq_psyche
D:11:     uniq_erolcha
D:12:     orc_david_3, minmay_strange_pillars
D:13:     david_vaults_4, uniq_rupert
D:14:     nicolae_benzene_ring, nicolae_gozag_zags_fifth_avenue, uniq_kirke
D:15:     hangedman_slaughterboxes, serial_shops
Lair:2:   minmay_guarded_unrand_snakebite, roderic_carrion_pond,
          serial_bayou_shore_b
Lair:3:   minmay_shoals_entry_beasts, dummy_snake_entry
Lair:4:   lab_entry_generic
Lair:5:   portal_ice_cave_entry_imps, minivault_27
Lair:6:   gammafunk_lair_ancient_temple, minmay_slime_entry_pillars,
          nicolae_volcano_entry_s_turn, serial_bayou_shore_b
Snake:2:  serial_shops, shop, hangedman_snake_sidewinding, minmay_shop_grove
Snake:3:  cheibrodos_toxic_ritual, uniq_aizul, uniq_agnes
Lab:      labyrinth_watery

Skill      XL: |  1  2  3  4  5  6  7  8  9 10 11 12 13 14 15 16 17 |
---------------+----------------------------------------------------+-----
Conjurations   | 2 3 4 5 7 9 10 12 14 15 16 18 20 | 20.6
Spellcasting   | 4 5 6 7 9 11 12 14 15 16 17 18 20 | 20.1
Fire Magic     | 4 5 6 8 9 11 12 13 14 15 16 17 | 17.3
Shields        | 2 4 |  4.1
Dodging        | |  2.4
Stealth        | |  2.4

Action                   |  1- 3 |  4- 6 |  7- 9 | 10-12 | 13-15 | 16-18 || total
-------------------------+-------+-------+-------+-------+-------+-------++-------
Melee: Unarmed           |     6 |       |       |       |       |       ||     6
       Flail             |       |     2 |    56 |       |       |       ||    58
       Rapier            |       |       |    12 |       |       |       ||    12
       Whip              |       |       |       |    31 |    23 |     3 ||    57
       Dagger            |       |       |       |       |       |    29 ||    29
       Morningstar       |       |       |       |       |       |    13 ||    13
 Cast: Flame Tongue      |    87 |    88 |   228 |   365 |    75 |    31 ||   874
       Sticky Flame      |       |       |     8 |    63 |     4 |     7 ||    82
       Conjure Flame     |       |       |     5 |     8 |       |     1 ||    14
       Fireball          |       |       |       |    39 |    76 |   142 ||   257
       Bolt of Fire      |       |       |       |    11 |    75 |   241 ||   327
       Throw Flame       |       |       |       |     6 |       |       ||     6
       Searing Ray       |       |       |       |     1 |       |     7 ||     8
       Freezing Cloud    |       |       |       |       |       |    17 ||    17
       Orb of Destructio |       |       |       |       |       |     3 ||     3
       Iron Shot         |       |       |       |       |       |     1 ||     1
Evoke: Wand              |       |       |       |       |       |     2 ||     2
  Use: Scroll            |     3 |       |     2 |    18 |     6 |    13 ||    42
       Potion            |       |       |       |     4 |     2 |     5 ||    11
  Eat: Chunk             |     4 |     6 |     9 |    23 |    24 |    12 ||    78
       Fruit             |       |       |       |     3 |       |     5 ||     8
       Meat ration       |       |       |       |       |       |     3 ||     3
Armor: Robe              |    11 |     3 |    31 |    38 |     2 |       ||    85
       Leather armour    |       |       |       |       |    11 |    27 ||    38
Dodge: Dodged            |    24 |    22 |    97 |   101 |    19 |    40 ||   303
Block: Buckler           |       |       |       |       |     4 |    23 ||    27
